 Dungeon Crawl Stone Soup version 0.28.0-43-g3370ac3207 (webtiles) character file.

Game seed: 15098933444592814084

115 Ablot the Grasshopper (level 5, -2/43 HPs)
             Began as a Gnoll Warper on Mar 27, 2022.
             Slain by Menkaure (18 damage)
             ... on level 3 of the Dungeon.
             The game lasted 00:02:48 (3042 turns).

Ablot the Grasshopper (Gnoll Warper)                Turns: 3042, Time: 00:02:48

Health: -2/43      AC:  6    Str: 12    XL:     5   Next: 0%
Magic:  10/12      EV: 13    Int: 12    God:
Gold:   131        SH:  0    Dex: 12    Spells: 12/14 levels left

rFire   . . .      SeeInvis .   a - +0 trident
rCold   . . .      Faith    .   (no shield)
rNeg    . . .      Spirit   .   b - +0 leather armour
rPois   .          Reflect  .   p - +1 helmet
rElec   .          Harm     .   (no cloak)
rCorr   .          Rampage  .   r - +0 pair of gloves
Will    .....                   (no boots)
Stlth   +.........              m - amulet of regeneration
HPRegen 0.94/turn               (no ring)
MPRegen 0.13/turn               (no ring)

@: no status effects
A: fangs 1, strong nose, distributed training
a: no special abilities


You were on level 3 of the Dungeon.
You visited 1 branch of the dungeon, and saw 4 of its levels.

You collected 131 gold pieces.

Inventory:

Hand Weapons
 a - a +0 trident (weapon)
Missiles
 d - 5 boomerangs of dispersal (quivered)
 e - 28 arrows
 g - 70 stones
 q - 2 javelins
Armour
 b - a +0 leather armour (worn)
 p - a +1 helmet (worn)
 r - a +0 pair of gloves (worn)
Jewellery
 m - an amulet of regeneration (around neck)
Wands
 n - a wand of iceblast (12)
Scrolls
 c - a scroll of blinking
 k - 2 scrolls of teleportation {unknown}
 l - a scroll of holy word {unknown}
 s - a scroll of vulnerability {unknown}
Potions
 f - a potion of curing {unknown}
 h - 2 potions of brilliance {unknown}
 i - 2 potions of cancellation {unknown}
 j - 3 potions of invisibility {unknown}
 o - 2 potions of flight {unknown}


   Skills:
 + Level 4.7 Fighting
 + Level 1.3 Short Blades
 + Level 1.3 Long Blades
 + Level 1.3 Axes
 + Level 1.3 Maces & Flails
 + Level 4.7 Polearms
 + Level 1.3 Staves
 + Level 1.3 Slings
 + Level 1.3 Bows
 + Level 1.3 Crossbows
 + Level 2.8 Throwing
 + Level 2.8 Armour
 + Level 4.7 Dodging
 + Level 1.3 Stealth
 + Level 1.3 Shields
 + Level 1.3 Unarmed Combat
 + Level 5.1 Spellcasting
 + Level 1.0 Conjurations
 + Level 1.0 Hexes
 + Level 1.0 Summonings
 + Level 1.0 Necromancy
 + Level 5.5 Translocations
 + Level 1.0 Transmutations
 + Level 1.0 Fire Magic
 + Level 1.0 Ice Magic
 + Level 1.0 Air Magic
 + Level 1.0 Earth Magic
 + Level 1.0 Poison Magic
 + Level 1.4 Invocations
 + Level 1.3 Evocations


You had 12 spell levels left.
You knew the following spells:

 Your Spells              Type           Power      Damage    Failure   Level
a - Blink                 Tloc           32%        N/A       4%          2

Your spell library contained the following spells:

 Spells                   Type           Power      Damage    Failure   Level
 Gell's Gravitas          Tloc           16%        N/A       8%          3
 Lesser Beckoning         Tloc           16%        N/A       8%          3
 Teleport Other           Tloc           16%        N/A       8%          3
 Ensorcelled Hibernation  Hex/Ice        10%        N/A       24%         2
 Spider Form              Tmut/Pois      5%         N/A       43%         3
 Manifold Assault         Tloc           16%        N/A       58%         5
 Anguish                  Hex/Necr       2%         N/A       85%         4


Dungeon Overview and Level Annotations

Branches:
Dungeon (4/15)
 Temple: D:4-7

Altars:

Annotations:
D:3 Menkaure


Innate Abilities, Weirdness & Mutations

You have very sharp teeth.
Your uncanny sense of smell can sniff out nearby items.
Your experience applies equally to all skills.


Message History

You escape the ball python's grasp.
The ball python bites you. The ball python grabs you.
You stop ascending the stairs.
The ball python constricts you.
Menkaure calls on the powers of darkness!
Your body is wracked with pain!
The ball python convulses!
Something is bathed in an unholy light! x2; The goblin convulses! x2
The quokka convulses!
You escape the ball python's grasp.
The ball python bites you. The ball python closely misses you.
Menkaure hits you.
You climb upwards.
Reactivating autopickup.
There is a stone staircase leading down here.
Unknown command.
Casting: Blink (safe; 4% risk of failure)
Confirm with . or Enter, or press ? or * to list all spells.
You blink.
You barely miss the ball python. You bite the ball python.
The ball python is severely wounded.
The ball python misses you. The ball python closely misses you.
You hit the ball python.
You kill the ball python!
You have reached level 5!
You hit Menkaure.
Menkaure is moderately damaged.
Menkaure wails, "Why can't you leave me to my rest?"
Menkaure barely misses you.
You hit Menkaure.
Menkaure is moderately damaged.
You feel stable enough to blink again. Menkaure barely misses you.
You hit Menkaure but do no damage. You bite Menkaure.
Menkaure is moderately damaged.
Menkaure casts a spell at you. Pain shoots through your body!
You hit Menkaure but do no damage.
Menkaure is moderately damaged.
You hit Menkaure but do no damage.
Menkaure is moderately damaged.
Menkaure hits you!!
You die...

######.####.....#.####
#......# ##.........#
..###### #.........#
### #........># #
#.........# #
#######...>.....# #
####....##.........##
###.......##....M.....#
....##....##....@.....#
###########...........#
...#####..............#
##................)...#
.#.........##........##
........####..........#
..####### #..........#
.......# #..........#
.......#####..........#


You could see Menkaure.

Vanquished Creatures
  Ijyb (D:3)
  A hound skeleton (D:3)
  2 adder zombies (D:3)
  3 worms
  2 orcs
  6 ball pythons
  6 endoplasms
  A giant cockroach (D:3)
  3 goblins
  4 hobgoblins
  4 jackals (D:1)
  4 quokkas
  A ball python zombie (D:3)
  A bat (D:1)
  11 frilled lizards
  5 kobolds
  A quokka zombie (D:3)
  4 rats (D:2)
60 creatures vanquished.

Vanquished Creatures (others)
  7 plants (D:1)
  A withered plant (D:3)
8 creatures vanquished.

Grand Total: 68 creatures vanquished

Notes
Turn   | Place    | Note
-------+----------+-------------------------------------------
     0 | D:1      | Ablot the Gnoll Warper began the quest for the Orb.
     0 | D:1      | Reached XP level 1. HP: 20/20 MP: 6/6
    69 | D:1      | Reached XP level 2. HP: 20/26 MP: 7/7
    72 | D:1      | Learned a level 2 spell: Blink
   367 | D:1      | Found a faded altar of an unknown god.
   921 | D:1      | Reached XP level 3. HP: 28/31 MP: 9/9
  1137 | D:1      | Reached skill level 5 in Spellcasting
  1698 | D:2      | Reached skill level 1 in Invocations
  1855 | D:2      | Reached skill level 1 in Short Blades
  1855 | D:2      | Reached skill level 1 in Long Blades
  1855 | D:2      | Reached skill level 1 in Axes
  1855 | D:2      | Reached skill level 1 in Maces & Flails
  1855 | D:2      | Reached skill level 1 in Staves
  1855 | D:2      | Reached skill level 1 in Slings
  1855 | D:2      | Reached skill level 1 in Bows
  1855 | D:2      | Reached skill level 1 in Crossbows
  1855 | D:2      | Reached skill level 1 in Stealth
  1855 | D:2      | Reached skill level 1 in Shields
  1855 | D:2      | Reached skill level 1 in Unarmed Combat
  1855 | D:2      | Reached skill level 1 in Evocations
  2508 | D:3      | Noticed Ijyb
  2565 | D:3      | Killed Ijyb
  2566 | D:3      | Reached XP level 4. HP: 28/38 MP: 11/11
  2615 | D:3      | Reached skill level 1 in Conjurations
  2615 | D:3      | Reached skill level 1 in Hexes
  2615 | D:3      | Reached skill level 1 in Summonings
  2615 | D:3      | Reached skill level 1 in Necromancy
  2615 | D:3      | Reached skill level 1 in Transmutations
  2615 | D:3      | Reached skill level 1 in Fire Magic
  2615 | D:3      | Reached skill level 1 in Ice Magic
  2615 | D:3      | Reached skill level 1 in Air Magic
  2615 | D:3      | Reached skill level 1 in Earth Magic
  2615 | D:3      | Reached skill level 1 in Poison Magic
  3023 | D:4      | Noticed Menkaure
  3038 | D:3      | Reached XP level 5. HP: 19/43 MP: 9/12
  3042 | D:3      | Slain by Menkaure

Illustrated notes

Levels and vault maps discovered:
D:1:      wander_arrival_estate, layout_basic, chequers_ecumenical_altar_lobes,
          minmay_lizard_king
D:2:      layout_basic
D:3:      layout_rooms, serial_undead, serial_undead_d, serial_undead_e,
          serial_undead_b, serial_undead_d, uniq_ijyb
D:4:      layout_rooms, mainiacjoe_overflow_big_doors, doesnt_xom_only_xom,
          portal_sewer_entry_f, minmay_divided_ellipse, uniq_menkaure

Skill      XL: |  1  2  3  4 |
---------------+-------------+-----
Spellcasting   | 5 |  5.1
Invocations    | 1 |  1.4
Short Blades   | 1 |  1.3
Long Blades    | 1 |  1.3
Axes           | 1 |  1.3
Maces & Flails | 1 |  1.3
Staves         | 1 |  1.3
Slings         | 1 |  1.3
Bows           | 1 |  1.3
Crossbows      | 1 |  1.3
Stealth        | 1 |  1.3
Shields        | 1 |  1.3
Unarmed Combat | 1 |  1.3
Evocations     | 1 |  1.3
Conjurations   | 1 |  1.0
Hexes          | 1 |  1.0
Summonings     | 1 |  1.0
Necromancy     | 1 |  1.0
Transmutations | 1 |  1.0
Fire Magic     | 1 |  1.0
Ice Magic      | 1 |  1.0
Air Magic      | 1 |  1.0
Earth Magic    | 1 |  1.0
Poison Magic   | 1 |  1.0
Fighting       | |  4.7
Polearms       | |  4.7
Throwing       | |  2.8
Armour         | |  2.8
Dodging        | |  4.7
Translocations | |  5.5

Action                   |  1- 3 |  4- 6 || total
-------------------------+-------+-------++-------
Melee: Spear             |   255 |    42 ||   297
       Bite              |    15 |    11 ||    26
       Punch             |     1 |     2 ||     3
       Trident           |       |    21 ||    21
 Cast: Blink             |       |     1 ||     1
Armor: Leather armour    |    35 |    11 ||    46
Dodge: Dodged            |    98 |    61 ||   159
